 Dungeon Crawl Stone Soup version 0.29.1-2-gbd0b4ee654 (webtiles) character file.

Game seed: 6827486251275423467

72 GorkyZ the Trooper (level 4, 0/36 HPs)
             Began as a Demonspawn Fighter on Nov 22, 2022.
             Succumbed to Sigmund's poison
             ... on level 2 of the Dungeon.
             The game lasted 00:03:00 (1756 turns).

GorkyZ the Trooper (Demonspawn Fighter)             Turns: 1756, Time: 00:03:01

Health: 0/36       AC:  7    Str: 19    XL:     4   Next: 7%
Magic:  4/4        EV: 14    Int:  9    God:
Gold:   113        SH:  4    Dex: 12    Spells: 3/3 levels left

rFire   . . .      SeeInvis .   a - +0 war axe
rCold   . . .      Faith    .   c - +0 buckler
rNeg    . . .      Spirit   .   b - +0 scale mail
rPois   .          Reflect  .   (no helmet)
rElec   .          Harm     .   (no cloak)
rCorr   .          Rampage  .   (no gloves)
Will    .....                   (no boots)
Stlth   ..........              (no amulet)
HPRegen 0.12/turn               (no ring)
MPRegen 0.09/turn               (no ring)

@: agile, lethally poisoned (0 -> -9)
A: rugged brown scales 1, powered by pain 1
a: no special abilities


You were on level 2 of the Dungeon.
You visited 1 branch of the dungeon, and saw 2 of its levels.

You collected 113 gold pieces.

Inventory:

Hand Weapons
 a - a +0 war axe (weapon)
Missiles
 f - 5 poisoned darts (quivered)
Armour
 b - a +0 scale mail (worn)
 c - a +0 buckler (worn)
Scrolls
 e - a scroll of blinking {unknown}
 h - a scroll of enchant weapon {unknown}
 i - 2 scrolls of identify {unknown}
 l - a scroll of teleportation {unknown}
Potions
 d - 2 potions of might
 g - a potion of curing {unknown}
 j - a potion of mutation {unknown}
 k - a potion of brilliance {unknown}


   Skills:
 + Level 3.4 Fighting
 + Level 2.1 Axes
 + Level 0.8 Throwing
 + Level 3.0 Armour
 + Level 1.0 Dodging
 + Level 3.0 Shields
 + Level 1.2 Evocations


You had 3 spell levels left.
You didn't know any spells.
Your spell library was empty.

Dungeon Overview and Level Annotations

Branches:
Dungeon (2/15)

Altars:

Annotations:
D:2 Sigmund


Innate Abilities, Weirdness & Mutations

You are partially covered in rugged brown scales. (AC +1, +3% HP)
You sometimes gain a little power by taking damage.


Message History

No target in view!
No target in view!
No target in view!
No target in view!
You block the hobgoblin's attack.
A magic dart appears from out of thin air!
The magic dart hits you.
You hit the hobgoblin.
You kill the hobgoblin!
A puff of flame appears from out of thin air!
The puff of flame hits you!
A magic dart appears from out of thin air!
The magic dart hits you!
A worm comes into view.
A hobgoblin comes into view.
The hobgoblin shouts!
Something unseen breaks down the door.
The worm closely misses you.
You slash the worm!
The worm is heavily wounded.
Something hits you!
* * * LOW HITPOINT WARNING * * *
You focus on the pain.
You feel agile all of a sudden.
You barely miss the worm.
The worm is heavily wounded.
The worm closely misses you. Something barely misses you.
You slash the worm!
The worm is almost dead.
The worm bites you but does no damage.
A magic dart appears from out of thin air!
The magic dart hits you.
* * * LOW HITPOINT WARNING * * *
You hit the worm.
You kill the worm!
Something hits you.
* * * LOW HITPOINT WARNING * * *
You are lethally poisoned!
You barely miss the hobgoblin.
You die...

##### #...###
#.#.†.#
#..##.##########
##.##..........#
#.##..######{.#
#.#..## #.#
#...#.# #@#
#..#..# #g#
#..#.{# #..
#..#..# #...
#..#..# #....
#..#.#. ......
##.## . ......#
#.#######....#....
#.........# ##


You could see a hobgoblin.

Vanquished Creatures
  2 adders (D:2)
  A worm (D:2)
  3 dart slugs
  4 ball pythons
  4 bats (D:1)
  5 endoplasms (D:1)
  2 giant cockroaches
  5 goblins
  3 hobgoblins
  2 jackals (D:2)
  3 kobolds
  2 quokkas (D:1)
  3 frilled lizards (D:1)
  5 rats
44 creatures vanquished.

Notes
Turn   | Place    | Note
-------+----------+-------------------------------------------
     0 | D:1      | GorkyZ the Demonspawn Fighter began the quest for the Orb.
     0 | D:1      | Reached XP level 1. HP: 18/18 MP: 1/1
   261 | D:1      | Gained mutation: You sometimes gain a little power by
                  | taking damage. [demonic ancestry]
   261 | D:1      | Reached XP level 2. HP: 9/24 MP: 2/2
   991 | D:1      | Reached XP level 3. HP: 28/29 MP: 3/3
  1404 | D:2      | Reached skill level 1 in Evocations
  1475 | D:2      | Reached skill level 1 in Dodging
  1668 | D:2      | Gained mutation: You are partially covered in rugged brown
                  | scales. (AC +1, +3% HP) [demonic ancestry]
  1668 | D:2      | Reached XP level 4. HP: 29/36 MP: 4/4
  1734 | D:2      | Noticed Sigmund
  1756 | D:2      | Succumbed to Sigmund's poison

Illustrated notes

Levels and vault maps discovered:
D:1:      dpeg_arrival_tiny_h, layout_basic
D:2:      minmay_wonky_spiral, layout_rooms, grunt_ministairs_6,
          minmay_misc_feat_doors, corexii_item_surrounded_by_moat,
          minmay_3d_cube, uniq_sigmund, uniq_crazy_yiuf_cottage

Skill      XL: |  1  2  3 |
---------------+----------+-----
Axes           | 2 |  2.1
Evocations     | 1 |  1.2
Armour         | 3 |  3.0
Dodging        | 1 |  1.0
Shields        | 3 |  3.0
Fighting       | |  3.4
Throwing       | |  0.8

Action                   |  1- 3 |  4- 6 || total
-------------------------+-------+-------++-------
Melee: War axe           |   108 |     6 ||   114
Armor: Scale mail        |    61 |     1 ||    62
Dodge: Dodged            |    54 |     3 ||    57
Block: Buckler           |    17 |     1 ||    18
